 Dungeon Crawl Stone Soup version 0.26.0-20-g3ca415f5b8 (webtiles) character file.

Game seed: 13932837892487554248

58 Majorwet the Gusty (level 3, 0/27 HPs)
             Began as a Draconian Air Elementalist on Jan 25, 2021.
             Succumbed to an adder's poison
             ... on level 2 of the Dungeon.
             The game lasted 00:05:25 (2215 turns).

Majorwet the Gusty (Draconian Air Elementalist)     Turns: 2215, Time: 00:05:25

Health: 0/27       AC:  9    Str: 10    XL:     3   Next: 75%
Magic:  0/6        EV: 12    Int: 16    God:
Gold:   115        SH:  0    Dex: 11    Spells: 5/6 levels left

rFire    x . .     SeeInvis .   e - +0 mace
rCold    + . .     Faith    .   (no shield)
rNeg     . . .     Spirit   .   (armour unavailable)
rPois    .         Reflect  .   j - +1 hat
rElec    .         Harm     .   g - +2 cloak
rCorr    .         Rampage  .   (no gloves)
Will     .....                  (no boots)
Stlth    ++........             (no amulet)
HPRegen  0.09/turn              d - ring of ice
MPRegen  0.10/turn              (no ring)

@: lethally poisoned (0 -> -3)
A: unfitting armour, cold-blooded, AC +5
a: no special abilities


You were on level 2 of the Dungeon.
You visited 1 branch of the dungeon, and saw 2 of its levels.

You collected 115 gold pieces.

Inventory:

Hand Weapons
 c - a +0 club
 e - a +0 mace (weapon)
Armour
 g - a +2 cloak (worn)
 j - a +1 hat (worn)
Jewellery
 d - a ring of ice (left hand)
Scrolls
 f - 2 scrolls of identify {unknown}
 k - 2 scrolls of amnesia {unknown}
 l - a scroll of noise {unknown}
 o - a scroll of remove curse {unknown}
Potions
 a - a potion of flight {unknown}
 b - a potion of ambrosia {unknown}
 h - a potion of degeneration {unknown}
 i - a potion of heal wounds {unknown}
 m - a potion of curing {unknown}
 n - a potion of berserk rage {unknown}


   Skills:
 * Level 0.9 Fighting
 - Level 0.2 Maces & Flails
 + Level 2.0 Dodging
 + Level 2.0 Stealth
 + Level 2.4 Spellcasting
 + Level 1.6 Conjurations
 + Level 3.7 Air Magic


You had 5 spell levels left.
You knew the following spells:

 Your Spells              Type           Power        Failure   Level
a - Shock                 Conj/Air       40%          7%          1

Your spell library contained the following spells:

 Spells                   Type           Power        Failure   Level
 Swiftness                Air            13%          6%          2
 Static Discharge         Conj/Air       10%          21%         3
 Airstrike                Air            6%           38%         4
 Lightning Bolt           Conj/Air       5%           88%         5


Dungeon Overview and Level Annotations

Branches:
Dungeon (2/15)

Altars:


Innate Abilities, Weirdness & Mutations

Your plain brown scales are hard. (AC +5)
You cannot fit into any form of body armour.
You are cold-blooded and may be slowed by cold attacks.


Message History

The adder barely misses you. x2
Aiming: Shock (safe; 7% risk of failure)
Press: ? - help, Q - select action Shift-Dir - straight line The zap hits the adder.
The adder is heavily wounded.
The zap misses the adder.
You feel sick. The adder closely misses you.
You hit the adder but do no damage.
The adder is heavily wounded.
The adder bites you.
* * * LOW HITPOINT WARNING * * *
The adder closely misses you.
You barely miss the adder.
Your tail-slap misses the adder.
The adder is heavily wounded.
The adder bites you.
* * * LOW HITPOINT WARNING * * *
The adder bites you but does no damage.
You hit the adder.
Your tail-slap misses the adder.
The adder is severely wounded.
You die...

......# ...... .....
#.# ...# #.# ..) #^#
#.# #.# ##'## #.#
##S).## #.### ##.@...##
#...# ##..)..>.##
######...####.........#
............'...†.....+
####.....####..)......#
####.##.## ##.......##
..##.#### ##(....##
#.##.# ##...## #.##.#
##+##


You could see an adder.

Vanquished Creatures
  2 adders (D:2)
  A dart slug (D:1)
  A leopard gecko (D:1)
  2 giant cockroaches (D:2)
  3 goblins (D:2)
  4 hobgoblins
  7 kobolds
  8 bats
  5 frilled lizards
  3 rats
36 creatures vanquished.

Notes
Turn   | Place    | Note
-------+----------+-------------------------------------------
     0 | D:1      | Majorwet the Draconian Air Elementalist began the quest for
                  | the Orb.
     0 | D:1      | Reached XP level 1. HP: 14/14 MP: 3/3
     2 | D:1      | Noticed a draconian
     4 | D:1      | Noticed a tengu
     4 | D:1      | Noticed a formicid
     6 | D:1      | Noticed a merfolk
     6 | D:1      | Noticed a gargoyle
     8 | D:1      | Noticed an octopode
     8 | D:1      | Noticed a human
    10 | D:1      | Noticed a demonspawn
    12 | D:1      | Noticed a minotaur
    12 | D:1      | Noticed a felid
    14 | D:1      | Noticed a naga
    14 | D:1      | Noticed a spriggan
    16 | D:1      | Noticed a halfling
    16 | D:1      | Noticed an ogre
    18 | D:1      | Noticed a dwarf
    21 | D:1      | Noticed a troll
    23 | D:1      | Noticed a vampire
    23 | D:1      | Noticed a vine stalker
    25 | D:1      | Noticed a ghoul
    25 | D:1      | Noticed a demigod
    27 | D:1      | Noticed an elf
    27 | D:1      | Noticed a centaur
   247 | D:1      | Reached XP level 2. HP: 7/20 MP: 0/5
  1735 | D:2      | Reached XP level 3. HP: 27/27 MP: 2/6
  2214 | D:2      | HP: 1/27 [adder (4)]
  2215 | D:2      | Succumbed to an adder's poison

Illustrated notes

Levels and vault maps discovered:
D:1:      kb_arrival_jail, layout_basic, minmay_misc_feat_tiny
D:2:      layout_loops_corners, bh_walls_and_bars

Skill      XL: |  1  2 |
---------------+-------+-----
Stealth        | 2 |  2.0
Dodging        | 2 |  2.0
Fighting       | |  0.9
Maces & Flails | |  0.2
Spellcasting   | |  2.4
Conjurations   | |  1.6
Air Magic      | |  3.7

Action                   || total
-------------------------++-------
Melee: Club              ||    16
       Unarmed           ||     3
       Tailslap          ||     1
       Mace              ||    18
 Cast: Shock             ||    58
Armor: Skin              ||    15
Dodge: Dodged            ||    41
